| TOP OF THE 1ST |
|
Hartford Yard Goats batting - Pitching for Augusta GreenJackets : LHP Matt DeGrado
|
|
Pitching: LHP Matt DeGrado
|
|
|
Batting: RHB Ray Insley
|
0-0: Ball 1-0: Swinging Strike 1-1: Ball 2-1: SOLO HOME RUN (Flyball, 7D, EV 98.1 MPH), Distance : 384 ft
|
|
Batting: RHB Kevin Tangeman
|
0-0: Ball 1-0: Ball 2-0: Ball 3-0: Called Strike 3-1: Base on Balls
|
|
Batting: RHB John Corfield
|
0-0: Ball Wild Pitch! Kevin Tangeman to second 1-0: Ball 2-0: Foul Ball, location: 2F 2-1: Ball 3-1: Swinging Strike 3-2: Base on Balls
|
|
Batting: LHB Mick Tucker
|
0-0: Foul Ball, location: 2F 0-1: Foul Ball, location: 2F 0-2: Ball 1-2: Grounds into double play, 6-4-3 (Groundball, 6MD, EV 80.0 MPH) Kevin Tangeman to third
|
|
Batting: SHB Brad Madden
|
0-0: Ball 1-0: Ground out 6-3 (Groundball, 56, EV 78.8 MPH)
|
| Top of the 1st over - 1 run, 1 hit, 0 errors, 1 left on base; Hartford 1 - Augusta 0 |
| BOTTOM OF THE 1ST |
|
Augusta GreenJackets batting - Pitching for Hartford Yard Goats : LHP Jason Peck
|
|
Pitching: LHP Jason Peck
|
|
|
Batting: RHB Mario Mendoza
|
0-0: Ball 1-0: Ball 2-0: Ball 3-0: Called Strike 3-1: Called Strike 3-2: Ground out 1-3 (Groundball, 15S, EV 65.6 MPH)
|
|
Batting: SHB Zack Barton
|
0-0: Ball 1-0: Swinging Strike 1-1: Ball 2-1: Ball 3-1: Foul Ball, location: 2F 3-2: Base on Balls
|
|
Batting: RHB Tony Harper
|
0-0: Called Strike 0-1: Swinging Strike 0-2: Foul Ball, location: 2F 0-2: Foul Ball, location: 2F 0-2: Fielders Choice at 2nd, 6-4 (Groundball, 6, EV 86.2 MPH)
|
|
Batting: RHB Billy Pranger
|
0-0: Ball 1-0: Swinging Strike 1-1: Swinging Strike 1-2: Foul Ball, location: 2F 1-2: Ball 2-2: Strikes out looking
|
| Bottom of the 1st over - 0 runs, 0 hits, 0 errors, 1 left on base; Hartford 1 - Augusta 0 |
| TOP OF THE 2ND |
|
Hartford Yard Goats batting - Pitching for Augusta GreenJackets : LHP Matt DeGrado
|
|
Batting: RHB Juan Gallardo
|
0-0: Called Strike 0-1: Ball 1-1: Ball 2-1: Ball 3-1: Base on Balls
|
|
Batting: RHB Chris Kinder
|
0-0: Called Strike 0-1: Ball 1-1: Foul Ball, location: 2F 1-2: Ball 2-2: Foul Ball, location: 2F 2-2: Foul Ball, location: 2F 2-2: Ball 3-2: Fly out, F9 (Flyball, 89M, EV 93.1 MPH)
|
|
Batting: RHB Ighlas Mwara
|
0-0: Ball 1-0: Fielders Choice at 2nd, 6-4 (Groundball, 56D, EV 93.8 MPH)
|
|
Batting: RHB Gashie Chimsima
|
0-0: Called Strike Ighlas Mwara steals 2nd base 0-1: Ground out U3 (Groundball, 34S, EV 85.6 MPH)
|
| Top of the 2nd over - 0 runs, 0 hits, 0 errors, 1 left on base; Hartford 1 - Augusta 0 |
| BOTTOM OF THE 2ND |
|
Augusta GreenJackets batting - Pitching for Hartford Yard Goats : LHP Jason Peck
|
|
Batting: RHB Ryan Roberts
|
0-0: Ball 1-0: Called Strike 1-1: Foul Ball, location: 2F 1-2: Fly out, F9 (Flyball, 9D, EV 96.2 MPH)
|
|
Batting: RHB Josh Truell
|
0-0: Ball 1-0: Ball 2-0: Ball 3-0: Base on Balls
|
|
Batting: RHB Malik Sharpless
|
0-0: Ball 1-0: Called Strike 1-1: Ball Wild Pitch! Josh Truell to second 2-1: Ground out 6-3 (Groundball, 6, EV 79.4 MPH)
|
|
Batting: LHB Shane Cruse
|
0-0: Called Strike 0-1: Called Strike 0-2: Strikes out swinging
|
| Bottom of the 2nd over - 0 runs, 0 hits, 0 errors, 1 left on base; Hartford 1 - Augusta 0 |
| TOP OF THE 3RD |
|
Hartford Yard Goats batting - Pitching for Augusta GreenJackets : LHP Matt DeGrado
|
|
Batting: RHB Ray Insley
|
0-0: Ball 1-0: Ball 2-0: Called Strike 2-1: Ground out 6-3 (Groundball, 6, EV 98.8 MPH)
|
|
Batting: RHB Kevin Tangeman
|
0-0: Ball 1-0: Ground out 5-3 (Groundball, 56, EV 87.5 MPH)
|
|
Batting: RHB John Corfield
|
0-0: Fly out, F9 (Flyball, 9D, EV 91.9 MPH)
|
| Top of the 3rd over - 0 runs, 0 hits, 0 errors, 0 left on base; Hartford 1 - Augusta 0 |
| BOTTOM OF THE 3RD |
|
Augusta GreenJackets batting - Pitching for Hartford Yard Goats : LHP Jason Peck
|
|
Batting: RHB Mario Gomez
|
0-0: Ball 1-0: Foul Ball, location: 2F 1-1: Ball 2-1: Foul Ball, location: 2F 2-2: Foul Ball, location: 2F 2-2: Foul Ball, location: 2F 2-2: Ball 3-2: Base on Balls
|
|
Batting: RHB Mario Mendoza
|
0-0: Ball Mario Gomez is caught stealing 2nd base 2-4 1-0: Ball 2-0: Ground out 4-3 (Groundball, 4, EV 100.0 MPH)
|
|
Batting: SHB Zack Barton
|
0-0: Called Strike 0-1: Ball 1-1: Foul Ball, location: 2F 1-2: Foul Ball, location: 2F 1-2: DOUBLE (Line Drive, 89D, EV 109.4 MPH)
|
|
Batting: RHB Tony Harper
|
0-0: Ball 1-0: Ground out 6-3 (Groundball, 6, EV 88.1 MPH)
|
| Bottom of the 3rd over - 0 runs, 1 hit, 0 errors, 1 left on base; Hartford 1 - Augusta 0 |
| TOP OF THE 4TH |
|
Hartford Yard Goats batting - Pitching for Augusta GreenJackets : LHP Matt DeGrado
|
|
Batting: LHB Mick Tucker
|
0-0: Foul Ball, location: 2F 0-1: Foul Ball, location: 2F 0-2: Ball 1-2: Foul Ball, location: 2F 1-2: Ball 2-2: SINGLE (Groundball, 3D, EV 105.6 MPH)
|
|
Batting: SHB Brad Madden
|
0-0: Called Strike Mick Tucker is caught stealing 2nd base 2-4 0-1: Ground out 5-3 (Groundball, 56, EV 85.0 MPH)
|
|
Batting: RHB Juan Gallardo
|
0-0: Fly out, F9 (Flyball, 89XD, EV 102.5 MPH)
|
| Top of the 4th over - 0 runs, 1 hit, 0 errors, 0 left on base; Hartford 1 - Augusta 0 |
| BOTTOM OF THE 4TH |
|
Augusta GreenJackets batting - Pitching for Hartford Yard Goats : LHP Jason Peck
|
|
Batting: RHB Billy Pranger
|
0-0: Fly out, F9 (Flyball, 9, EV 87.5 MPH)
|
|
Batting: RHB Ryan Roberts
|
0-0: Called Strike 0-1: Ball 1-1: Ground out U3 (Groundball, 34, EV 86.9 MPH)
|
|
Batting: RHB Josh Truell
|
0-0: Called Strike 0-1: Ball 1-1: Foul Ball, location: 2F 1-2: Ground out 5-3 (Groundball, 56, EV 102.5 MPH)
|
| Bottom of the 4th over - 0 runs, 0 hits, 0 errors, 0 left on base; Hartford 1 - Augusta 0 |
| TOP OF THE 5TH |
|
Hartford Yard Goats batting - Pitching for Augusta GreenJackets : LHP Matt DeGrado
|
|
Batting: RHB Chris Kinder
|
0-0: DOUBLE (Line Drive, 89D, EV 101.2 MPH)
|
|
Batting: RHB Ighlas Mwara
|
0-0: Ground out 5-3 (Groundball, 5, EV 83.1 MPH)
|
|
Batting: RHB Gashie Chimsima
|
0-0: Ball 1-0: Ball 2-0: Ball 3-0: Base on Balls
|
|
Batting: RHB Ray Insley
|
0-0: Foul Ball, location: 2F 0-1: Foul Ball, location: 2F 0-2: Ball 1-2: Foul Ball, location: 2F 1-2: Ball 2-2: Ball 3-2: SINGLE (Line Drive, 78S, EV 95.0 MPH) Chris Kinder to third Gashie Chimsima to second
|
|
Batting: RHB Kevin Tangeman
|
0-0: Ball 1-0: Fly out, F6 (Popup, 6S, EV 83.1 MPH)
|
|
Batting: RHB John Corfield
|
0-0: Foul Ball, location: 2F 0-1: Foul Ball, location: 2F 0-2: Ball 1-2: SINGLE (Flyball, 34D, EV 84.4 MPH) Chris Kinder scores Gashie Chimsima to third Ray Insley to second Runner from 3rd tries for Home, SAFE, throw by RF to home
|
|
Batting: LHB Mick Tucker
|
0-0: Ball 1-0: Ball 2-0: Called Strike 2-1: Foul Ball, location: 2F 2-2: Foul Ball, location: 2F 2-2: Foul Ball, location: 2F 2-2: Ball 3-2: Foul Ball, location: 2F 3-2: SINGLE (Groundball, 56D, EV 94.4 MPH) Ray Insley to third John Corfield to second Ray Insley scores John Corfield to third
|
|
Pitching: LHP Hector Jimenez
|
|
|
Batting: SHB Brad Madden
|
0-0: Called Strike 0-1: Called Strike 0-2: Ball 1-2: Ground out 1-3 (Groundball, 15S, EV 74.4 MPH)
|
| Top of the 5th over - 3 runs, 4 hits, 0 errors, 2 left on base; Hartford 4 - Augusta 0 |
| BOTTOM OF THE 5TH |
|
Augusta GreenJackets batting - Pitching for Hartford Yard Goats : LHP Jason Peck
|
|
Batting: RHB Malik Sharpless
|
0-0: Foul Ball, location: 2F 0-1: Ball 1-1: Ball 2-1: Foul Ball, location: 2F 2-2: Strikes out looking
|
|
Batting: LHB Shane Cruse
|
0-0: Called Strike 0-1: Ball 1-1: Ball 2-1: Ground out 4-3 (Groundball, 4, EV 81.2 MPH)
|
|
Batting: RHB Mario Gomez
|
0-0: Ball 1-0: Swinging Strike 1-1: Ball 2-1: Called Strike 2-2: Strikes out looking
|
| Bottom of the 5th over - 0 runs, 0 hits, 0 errors, 0 left on base; Hartford 4 - Augusta 0 |
| TOP OF THE 6TH |
|
Hartford Yard Goats batting - Pitching for Augusta GreenJackets : LHP Hector Jimenez
|
|
Batting: RHB Juan Gallardo
|
0-0: Called Strike 0-1: Fly out, F7 (Flyball, 78M, EV 87.5 MPH)
|
|
Batting: RHB Chris Kinder
|
0-0: Reached on error, E2 (Groundball, 2R, EV 68.8 MPH)
|
|
Batting: RHB Ighlas Mwara
|
0-0: Ball 1-0: Fly out, F8 (Flyball, 8RM, EV 84.4 MPH)
|
|
Batting: RHB Gashie Chimsima
|
0-0: Called Strike 0-1: Ball 1-1: Ball 2-1: Called Strike 2-2: Ground out 6-3 (Groundball, 6, EV 86.9 MPH)
|
| Top of the 6th over - 0 runs, 0 hits, 1 error, 1 left on base; Hartford 4 - Augusta 0 |
| BOTTOM OF THE 6TH |
|
Augusta GreenJackets batting - Pitching for Hartford Yard Goats : LHP Jason Peck
|
|
Pitching: RHP Befikadu Mthuthuzeli
|
|
|
Batting: RHB Mario Mendoza
|
0-0: Foul Ball, location: 2F 0-1: Ball 1-1: Called Strike 1-2: Ball 2-2: Ball 3-2: Strikes out swinging
|
|
Batting: SHB Zack Barton
|
0-0: Ball 1-0: Ball 2-0: SINGLE (Groundball, 56D, EV 105.6 MPH)
|
|
Batting: RHB Tony Harper
|
0-0: Called Strike 0-1: Hit by Pitch Zack Barton to second
|
|
Batting: RHB Billy Pranger
|
0-0: Called Strike Zack Barton steals 3rd base Tony Harper to second 0-1: Ground out 5-3 (Groundball, 56S, EV 85.0 MPH) Zack Barton scores
|
|
Batting: RHB Ryan Roberts
|
0-0: Ball 1-0: Ball 2-0: Ball 3-0: Called Strike 3-1: Foul Ball, location: 2F 3-2: Foul Ball, location: 2F 3-2: Foul Ball, location: 2F 3-2: Strikes out swinging
|
| Bottom of the 6th over - 1 run, 1 hit, 0 errors, 1 left on base; Hartford 4 - Augusta 1 |
| TOP OF THE 7TH |
|
Hartford Yard Goats batting - Pitching for Augusta GreenJackets : LHP Hector Jimenez
|
|
Batting: RHB Ray Insley
|
0-0: Foul Ball, location: 2F 0-1: Ball 1-1: SOLO HOME RUN (Flyball, 7LD, EV 96.2 MPH), Distance : 347 ft
|
|
Batting: RHB Kevin Tangeman
|
0-0: Ball 1-0: Ball 2-0: Foul Ball, location: 2F 2-1: Ball 3-1: Foul Ball, location: 2F 3-2: SINGLE (Flyball, 8RS, EV 89.4 MPH)
|
|
Batting: RHB John Corfield
|
0-0: Swinging Strike 0-1: Ball 1-1: SINGLE (Line Drive, 4MD, EV 98.8 MPH) Kevin Tangeman to second
|
|
Batting: LHB Mick Tucker
|
0-0: Ball 1-0: Ball 2-0: Ball 3-0: Base on Balls Kevin Tangeman to third John Corfield to second
|
|
Batting: SHB Brad Madden
|
0-0: SINGLE (Flyball, 78S, EV 91.9 MPH) Kevin Tangeman scores John Corfield to third Mick Tucker to second
|
|
Batting: RHB Juan Gallardo
|
0-0: Ball 1-0: Foul Ball, location: 2F 1-1: Ball 2-1: Ball 3-1: Base on Balls John Corfield scores Mick Tucker to third Brad Madden to second
|
|
Pitching: RHP Wally Dethridge
|
|
|
Batting: RHB Chris Kinder
|
0-0: Swinging Strike 0-1: SINGLE (Line Drive, 6M, EV 93.8 MPH) Mick Tucker scores Brad Madden to third Juan Gallardo to second
|
|
Batting: RHB Ighlas Mwara
|
0-0: Ball 1-0: Swinging Strike 1-1: Ball 2-1: Ball 3-1: Called Strike 3-2: Ground out 5-3 (Groundball, 56S, EV 70.6 MPH) Brad Madden scores Juan Gallardo to third Chris Kinder to second
|
|
Batting: RHB Gashie Chimsima
|
0-0: Swinging Strike 0-1: Swinging Strike 0-2: Strikes out looking
|
|
Pinch Hitting: SHB Ken Griffey IV
|
0-0: Ball 1-0: Swinging Strike 1-1: Swinging Strike 1-2: Strikes out looking
|
| Top of the 7th over - 5 runs, 5 hits, 0 errors, 2 left on base; Hartford 9 - Augusta 1 |
| BOTTOM OF THE 7TH |
|
Augusta GreenJackets batting - Pitching for Hartford Yard Goats : RHP Befikadu Mthuthuzeli
|
|
Now in LF: Ken Griffey IV
|
|
|
Batting: RHB Josh Truell
|
0-0: Called Strike 0-1: Foul Ball, location: 2F 0-2: Ground out 5-3 (Groundball, 56, EV 104.4 MPH)
|
|
Batting: RHB Malik Sharpless
|
0-0: Called Strike 0-1: Swinging Strike 0-2: Ball 1-2: Strikes out looking
|
|
Batting: LHB Shane Cruse
|
0-0: Ground out 4-3 (Groundball, 4S, EV 68.1 MPH)
|
| Bottom of the 7th over - 0 runs, 0 hits, 0 errors, 0 left on base; Hartford 9 - Augusta 1 |
| TOP OF THE 8TH |
|
Hartford Yard Goats batting - Pitching for Augusta GreenJackets : RHP Wally Dethridge
|
|
Batting: RHB Kevin Tangeman
|
0-0: Ball 1-0: Ball 2-0: Ball 3-0: Base on Balls
|
|
Batting: RHB John Corfield
|
0-0: Called Strike 0-1: Ball 1-1: Foul Ball, location: 2F 1-2: Ball 2-2: Foul Ball, location: 2F 2-2: DOUBLE (Line Drive, 7LM, EV 107.5 MPH) Kevin Tangeman to third
|
|
Pitching: RHP Kevin Spencer
|
|
|
Batting: LHB Mick Tucker
|
0-0: Ball 1-0: Ball 2-0: Called Strike 2-1: Ball 3-1: Base on Balls
|
|
Batting: SHB Brad Madden
|
0-0: Ball 1-0: Ball 2-0: Ball 3-0: Base on Balls Kevin Tangeman scores John Corfield to third Mick Tucker to second
|
|
Batting: RHB Juan Gallardo
|
0-0: Ball 1-0: Swinging Strike 1-1: Ball 2-1: Called Strike 2-2: Fly out, F7 (Line Drive, 7S, EV 105.0 MPH)
|
|
Batting: RHB Chris Kinder
|
0-0: Called Strike 0-1: Swinging Strike 0-2: Ball 1-2: Strikes out swinging
|
|
Batting: RHB Ighlas Mwara
|
0-0: Ball 1-0: Called Strike 1-1: Ball 2-1: Ground out 3-1 (Groundball, 34S, EV 81.9 MPH)
|
| Top of the 8th over - 1 run, 1 hit, 0 errors, 3 left on base; Hartford 10 - Augusta 1 |
| BOTTOM OF THE 8TH |
|
Augusta GreenJackets batting - Pitching for Hartford Yard Goats : RHP Befikadu Mthuthuzeli
|
|
Pinch Hitting: LHB Emilio Ortez
|
0-0: Ball 1-0: Ball 2-0: Called Strike 2-1: SINGLE (Groundball, 4MD, EV 105.6 MPH)
|
|
Pitching: RHP Jim Crooks
|
|
|
Pinch Hitting: RHB Dave Perron
|
0-0: Ball 1-0: Ball 2-0: Ball 3-0: Called Strike 3-1: Foul Ball, location: 2F 3-2: Fielders Choice at 2nd, 6-4 (Groundball, 6, EV 91.9 MPH)
|
|
Batting: SHB Zack Barton
|
0-0: Swinging Strike 0-1: Swinging Strike 0-2: Strikes out looking
|
|
Batting: RHB Tony Harper
|
0-0: Ball 1-0: Called Strike 1-1: Ball 2-1: 2-RUN HOME RUN (Flyball, 9D, EV 100.6 MPH), Distance : 381 ft
|
|
Batting: RHB Billy Pranger
|
0-0: Ball 1-0: Called Strike 1-1: Called Strike 1-2: Foul Ball, location: 2F 1-2: Ground out 6-3 (Groundball, 6, EV 80.6 MPH)
|
| Bottom of the 8th over - 2 runs, 2 hits, 0 errors, 0 left on base; Hartford 10 - Augusta 3 |
| TOP OF THE 9TH |
|
Hartford Yard Goats batting - Pitching for Augusta GreenJackets : RHP Kevin Spencer
|
|
Now at SS: Ryan Bentz
|
|
|
Now in LF: Dave Perron
|
|
|
Batting: RHB Gashie Chimsima
|
0-0: Ball 1-0: Ball 2-0: Foul Ball, location: 2F 2-1: Fly out, F8 (Flyball, 8RD, EV 91.9 MPH)
|
|
Batting: SHB Ken Griffey IV
|
0-0: TRIPLE (Line Drive, 8LXD, EV 100.6 MPH)
|
|
Batting: RHB Kevin Tangeman
|
0-0: Ball 1-0: Ball 2-0: Called Strike 2-1: Foul Ball, location: 2F 2-2: Ball 3-2: 2-RUN HOME RUN (Flyball, 78XD, EV 107.5 MPH), Distance : 434 ft
|
|
Batting: RHB John Corfield
|
0-0: Ball 1-0: Called Strike 1-1: TRIPLE (Flyball, 8LXD, EV 108.1 MPH)
|
|
Pitching: RHP Danny MacKinnon
|
|
|
Batting: LHB Mick Tucker
|
0-0: Swinging Strike 0-1: Ball 1-1: Ball 2-1: Ball 3-1: Base on Balls
|
|
Batting: SHB Brad Madden
|
0-0: Ball 1-0: Fielders Choice at 2nd, 5-4 (Groundball, 56, EV 93.8 MPH) John Corfield scores
|
|
Batting: RHB Juan Gallardo
|
0-0: Called Strike 0-1: Fly out, F9 (Flyball, 9D, EV 83.8 MPH)
|
| Top of the 9th over - 3 runs, 3 hits, 0 errors, 1 left on base; Hartford 13 - Augusta 3 |
| BOTTOM OF THE 9TH |
|
Augusta GreenJackets batting - Pitching for Hartford Yard Goats : RHP Jim Crooks
|
|
Batting: RHB Ryan Roberts
|
0-0: Swinging Strike 0-1: Ball 1-1: Ball 2-1: Fly out, F7 (Flyball, 78D, EV 105.0 MPH)
|
|
Pitching: RHP Curt De Kock
|
|
|
Batting: RHB Josh Truell
|
0-0: Called Strike 0-1: Foul Ball, location: 2F 0-2: Strikes out swinging
|
|
Pitching: RHP Zi-cheng Zhou
|
|
|
Batting: RHB Malik Sharpless
|
0-0: Called Strike 0-1: TRIPLE (Line Drive, 89XD, EV 101.9 MPH)
|
|
Batting: LHB Shane Cruse
|
0-0: Called Strike 0-1: Swinging Strike 0-2: Ball 1-2: Foul Ball, location: 2F 1-2: Strikes out swinging
|
| Bottom of the 9th over - 0 runs, 1 hit, 0 errors, 1 left on base; Hartford 13 - Augusta 3 |
|